 Dungeon Sprint DCSS version 0.31-a0-152-g6aa68a64a1 (webtiles) character file.

Game seed: 1882634256188486314

119 Conn the Firebug (level 5, -2/31 HPs)
             Began as an Octopode Fire Elementalist on June 11, 2023.
             Slain by a scorpion (4 damage)
             ... in the Dungeon (Sprint II: "The Violet Keep of Menkaure").
             The game lasted 00:00:28 (19 turns).

Conn the Firebug (Octopode Fire Elementalist)         Turns: 19, Time: 00:00:28

Health: -2/31      AC:  1    Str:  7    XL:     5   Next: 3%
Magic:  6/12       EV: 14    Int: 19    God:
Gold:   0          SH:  0    Dex: 13    Spells: 12/13 levels left

rFire   . . .        (no weapon)
rCold   . . .        (no shield)
rNeg    . . .        (helmet restricted)
rPois   .            (no amulet)
rElec   .            (no ring)
rCorr   .            (no ring)
SInv    .            (no ring)
Will    .....        (no ring)
Stlth   ++++         (no ring)
HPRegen 0.25/turn    (no ring)
MPRegen 0.13/turn    (no ring)
                     (no ring)

%: no teleportation
@: on berserk cooldown, hasted and slowed
A: almost no armour, amphibious, 8 rings, camouflage 1, gelatinous body 1,
(nimble swimmer 1), tentacles
a: no special abilities


You were in the Dungeon.
You visited 1 branch

Inventory:

Scrolls
 f - a scroll of blinking
Potions
 a - 3 potions of magic
 b - a potion of curing
 c - a potion of heal wounds


   Skills:
 + Level 3.3 Dodging
 + Level 4.3 Stealth
 * Level 4.8 Spellcasting
 * Level 3.8 Conjurations
 + Level 6.7 Fire Magic


You had 12 spell levels left.
You knew the following spells:

 Your Spells              Type           Power      Damage    Failure   Level
a - Foxfire               Conj/Fire      96%        2x1d8     1%          1

Your spell library contained the following spells:

 Spells                   Type           Power      Damage    Failure   Level
 Scorch                   Fire           60%        2d7       1%          2
 Inner Flame              Hex/Fire       17%        N/A       10%         3
 Volatile Blastmotes      Fire/Tloc      34%        2d12      10%         3
 Flame Wave               Conj/Fire      24%        2d8       14%         4


Dungeon Overview and Level Annotations

Branches:
Dungeon (1/1)

Altars:


Innate Abilities, Weirdness & Mutations

You cannot wear most types of armour.
You are amphibious.
You can wear up to eight rings at the same time.
Your skin changes colour to match your surroundings (Stealth+).
Your rubbery body absorbs attacks. (AC +1, EV +1)
((You are camouflaged when in or above water. (Stealth+)))
You have tentacles for arms and can constrict up to eight enemies at once.


Message History

The scorpion is moderately wounded.
You constrict the scorpion, but do no damage.
You feel sick. The scorpion closely misses you.
You bludgeon the scorpion! You squeeze the scorpion.
You kill the scorpion!
You feel sick.
Your Dodging skill increases to level 3!
Your Stealth skill increases to level 4!
Your Fire Magic skill increases to level 6!
You have reached level 5!
You feel agile.
You closely miss the scorpion. You grab the scorpion.
You are no longer berserk.
You are exhausted.
You feel yourself slow down.
You constrict the scorpion.
You feel sick. The scorpion closely misses you.
You barely miss the scorpion.
The scorpion is lightly wounded.
You constrict the scorpion, but do no damage.
You feel sick. The scorpion barely misses you. The scorpion stings you.
* * * LOW HITPOINT WARNING * * *
You barely miss the scorpion. You grab the scorpion.
You constrict the scorpion.
You constrict the scorpion, but do no damage.
You feel sick. The scorpion stings you.
* * * LOW HITPOINT WARNING * * *
The scorpion misses you.
You tentacle-slap the scorpion but do no damage.
The scorpion is lightly wounded.
You constrict the scorpion. x2; You feel sick.
You are no longer poisoned.
The scorpion closely misses you. The scorpion barely misses you.
You tentacle-slap the scorpion but do no damage.
The scorpion is moderately wounded.
You constrict the scorpion.
You constrict the scorpion, but do no damage.
The scorpion closely misses you. x2; The scorpion stings you.
* * * LOW HITPOINT WARNING * * *
The scorpion stings you.
You die...

# #. #+#
#..##†##
#†s@.+
#..##s##
#. #+# #


You could see 2 scorpions.

Vanquished Creatures
  2 scorpions (D)
2 creatures vanquished.

Notes
Turn   | Place    | Note
-------+----------+-------------------------------------------
     0 | D        | Conn the Octopode Fire Elementalist began the quest for the
                  | Orb.
     0 | D        | Reached XP level 1. HP: 11/11 MP: 3/3
     1 | D        | Noticed a scorpion
     1 | D        | Noticed a scorpion
     1 | D        | Noticed a scorpion
     1 | D        | Noticed a scorpion
     9 | D        | Killed a scorpion
    10 | D        | Reached skill level 5 in Fire Magic
    10 | D        | Reached XP level 2. HP: 13/17 MP: 4/7
    10 | D        | Reached XP level 3. HP: 17/21 MP: 4/8
    10 | D        | Reached XP level 4. HP: 22/27 MP: 5/10
    14 | D        | Killed a scorpion
    15 | D        | Reached skill level 6 in Fire Magic
    15 | D        | Reached XP level 5. HP: 22/31 MP: 6/12
    19 | D        | Slain by a scorpion

Illustrated notes

Levels and vault maps discovered:
D:        the_violet_keep_of_menkaure [sprint2_stairs_cluster_1,
          sprint2_shoproom, sprint2_temple, sprint2_basic_supplies,
          sprint2_obstacle_6, sprint2_obstacle_4, sprint2_obstacle_3,
          sprint2_obstacle_5, sprint2_obstacle_1, sprint2_timed_cluster_1,
          sprint2_smallroom_cluster_1, sprint2_smallroom_final_cluster_1,
          sprint2_transparent_cluster_1, sprint2_second_timed_cluster_1,
          sprint2_sniper_area_1, sprint2_heavy_combat_area_1,
          sprint2_mutation_trap_area_1, sprint2_forest_area_1,
          sprint2_light_combat_area_1, sprint2_behind_water_1,
          sprint2_near_end_vault_1]

Skill      XL: |  1  2  3  4 |
---------------+-------------+-----
Stealth        | 3 4 |  4.3
Spellcasting   | 4 |  4.8
Conjurations   | 3 |  3.8
Fire Magic     | 5 6 |  6.7
Dodging        | 3 |  3.3

Action                     |  1- 3 |  4- 6 || total
---------------------------+-------+-------++-------
  Melee: Unarmed           |     6 |     8 ||    14
         Constrict         |     1 |     4 ||     5
         Tentacles         |     1 |     1 ||     2
    Use: Potion            |     2 |       ||     2
 Armour: Skin              |     1 |       ||     1
  Dodge: Dodged            |     2 |     8 ||    10

Table legend: (Time is in decaauts)
 A = Elapsed time spent in this place.
 B = Non-inter-level travel time spent in this place.
 C = Inter-level travel time spent in this place.
 D = Time resting spent in this place.
 E = Time spent auto-exploring this place.
 F = Levels seen in this place.
 G = Mean time per level.
                   A        B        C        D        E       F      G
               +--------+--------+--------+--------+--------+-----+--------+
         Total |     14 |     14 |      0 |      0 |      0 |   1 |   14.0 |
       Dungeon |     14 |     14 |      0 |      0 |      0 |   1 |   14.0 |
               +--------+--------+--------+--------+--------+-----+--------+

Top non-repeatable levels by time:
       D: 14 daAuts
